AoeStats
← xelarge

Golden Pit

503187111Analyzed
1v1 RM · 11d ago on Aug 30, 2026· 67m 11s· 2 players
Game mode
Random Map
Map size
Tiny (2 player)
Population
200
Speed
Normal
Resources
Standard
Victory
Conquest
Starting age
Dark Age
Ending age
Imperial Age
RankedLock teamsTeams togetherTeam positionsShared explorationLock speedFull tech treeHidden civsTurbo modeCheats
Victory
Defeat
🇪🇸 Mongols · Spain
917
+15
🇮🇳 Tatars · India
901
-43
xelarge
10:24 Feudal Age
14:00 Man-at-Arms
25:01 Horse Collar
28:17 Double-Bit Axe
33:56 Wheelbarrow
43:40 Castle Age
44:11 Long Swordsman
46:49 Heavy Plow
52:29 Hand Cart
55:17 Gold Mining
ferbalsan
3:22 Loom
11:07 Feudal Age
11:53 Double-Bit Axe
17:56 Horse Collar
22:16 Castle Age
21:11 Stone Mining
24:25 Bow Saw
32:20 Wheelbarrow
31:36 Town Watch
31:53 Heavy Plow
34:11 Hand Cart
33:59 Town Patrol
34:00 Gold Mining
36:22 Fletching
36:38 Scale Barding Armor
36:33 Padded Archer Armor
36:40 Husbandry
37:24 Bloodlines
40:05 Imperial Age
38:34 Gold Shaft Mining
39:10 Stone Shaft Mining
39:22 Ballistics
41:33 Leather Archer Armor
41:13 Bodkin Arrow
41:39 Chain Barding Armor
40:51 Elite Mangudai
42:39 Drill
42:39 Conscription
42:19 Nomads
42:45 Forging
41:58 Light Cavalry
42:00 Elite Steppe Lancer
43:04 Capped Ram
45:39 Chemistry
44:41 Bracer
45:17 Iron Casting
46:05 Siege Engineers
46:05 Devotion
46:13 Siege Ram
47:49 Hussar
49:31 Blast Furnace
48:32 Scale Mail Armor
47:58 Heavy Camel Rider
49:58 Murder Holes
50:14 Masonry
50:16 Fortified Wall
49:57 Guard Tower
51:15 Cavalier
52:02 Thumb Ring
52:23 Parthian Tactics
58:50 Clinker Construction
58:50 Careening
58:47 Siphons
59:02 Shipwright
58:05 Pikeman
58:05 Man-at-Arms
58:46 Squires
58:31 Arson
59:19 Coinage
58:49 Caravan
58:12 Heavy Cavalry Archer
58:13 Elite Skirmisher
58:13 Crossbowman
59:14 Chain Mail Armor
58:23 Heavy Scorpion
58:24 Onager
59:41 Hoardings
58:39 Sappers
59:17 Devotion
59:17 Atonement
59:28 Fervor
59:13 Herbal Medicine
59:39 Heresy
59:55 Carvel Hull
59:36 Long Swordsman
Connection lost

Rejoining the realm…

Still unreachable

The connection could not be restored.

Session expired

The server has moved on; the page needs a fresh start.